 Dungeon Crawl Stone Soup version 0.31.0-11-ge490571c62 (webtiles) character file.

Game seed: 10725634665560805966

72 qw the Shooter (level 4, -5/25 HPs)
             Began as a Deep Elf Hunter on Feb 3, 2024.
             Slain by an iguana (10 damage)
             ... on level 3 of the Dungeon.
             The game lasted 00:00:06 (1327 turns).

qw the Shooter (Deep Elf Hunter)                    Turns: 1327, Time: 00:00:06

Health: -5/25      AC:  5    Str: 10    XL:     4   Next: 6%
Magic:  6/6        EV: 11    Int: 14    God:
Gold:   74         SH:  0    Dex: 18    Spells: 3/3 levels left

rFire   . . .        a - +0 shortbow
rCold   . . .        (shield currently unavailable)
rNeg    . . .        e - +0 ring mail
rPois   .            (no helmet)
rElec   .            (no cloak)
rCorr   .            (no gloves)
SInv    .            (no boots)
Will    .....        (no amulet)
Stlth   +            (no ring)
HPRegen 0.24/turn    (no ring)
MPRegen 0.10/turn

%: no passive effects
@: no status effects
A: no striking features
a: no special abilities


You were on level 3 of the Dungeon.
You visited 1 branch of the dungeon, and saw 3 of its levels.

You collected 74 gold pieces.


   Skills:
 - Level 1.5 Fighting
 + Level 7.5 Ranged Weapons
 - Level 2.4 Dodging
 - Level 1.2 Stealth


You had 3 spell levels left.
You didn't know any spells.
Your spell library was empty.

Inventory:

Hand Weapons
 a - a +0 shortbow (weapon)
Armour
 e - a +0 ring mail (worn)
Scrolls
 b - a scroll of identify

Dungeon Overview and Level Annotations

Branches:
Dungeon (3/15)

Altars:
Cheibriados


Message History

Found a stone staircase leading up.
You see here a giant cockroach corpse.
There is a stone staircase leading up here.
A rat comes into view.
You shoot an arrow. The arrow hits the rat!
You kill the rat!
A rat comes into view.
You shoot an arrow. The arrow hits the rat.
You kill the rat!
Found a buckler.
You see here a +0 buckler.
An iguana comes into view.
Found a puce potion and a coppery potion.
You shoot an arrow. The arrow hits the iguana!
The iguana hisses angrily.
The iguana is heavily wounded.
You hear a shout!
An orc priest comes into view. It is wielding a +0 hand axe.
You hear a shout!
You shoot an arrow. The arrow hits the orc priest.
The orc priest is lightly wounded.
A ball python comes into view.
The orc priest mumbles some strange prayers to Beogh against you.
Beogh smites you!
You hear a shout!
You shoot an arrow. The ball python hisses angrily.
The arrow hits the orc priest but does no damage.
The orc priest is lightly wounded.
You shoot an arrow. The arrow hits the orc priest.
The orc priest is moderately wounded.
You shoot an arrow. The arrow hits the orc priest.
The orc priest is moderately wounded.
The orc priest invokes the aid of Beogh against you.
Beogh smites you!
You shoot an arrow. The arrow hits the iguana.
The iguana is heavily wounded.
An orc comes into view. It is wielding a +0 falchion.
The iguana bites you!
You die...

#...#####
#.#......
#...##### ##.##
#.# ####### #.# #.
...# #.#
#.o##.###.######.#
#....o@..#.......#
#.###l###.########
#S #........ #!
######### #. #. #.
..


You could see an iguana, an orc priest, an orc and a ball python.

Vanquished Creatures
  An adder (D:3)
  2 dart slugs (D:1)
  5 endoplasms
  3 giant cockroaches
  5 goblins
  3 hobgoblins
  3 jackals (D:1)
  4 quokkas
  8 ball pythons (D:1)
  6 bats
  A frilled lizard (D:1)
  8 kobolds
  7 rats
56 creatures vanquished.

Notes
Turn   | Place    | Note
-------+----------+-------------------------------------------
     0 | D:1      | qw the Deep Elf Hunter began the quest for the Orb.
     0 | D:1      | Reached XP level 1. HP: 12/12 MP: 3/3
     0 | D:1      | 0 ||| qw: Version: 0.3-a-157-g843a77d
     0 | D:1      | 0 ||| qw: Game counter: 3773
     0 | D:1      | 0 ||| qw: Melee chars always use a shield: true
     0 | D:1      | 0 ||| qw: God list: Okawaru
     0 | D:1      | 0 ||| qw: Allow faded altars: false
     0 | D:1      | 0 ||| qw: Do Orc after clearing Dungeon:15 true
     0 | D:1      | 0 ||| qw: Do second Lair branch before Depths: true
     0 | D:1      | 0 ||| qw: Lair rune preference: random
     0 | D:1      | 0 ||| qw: Goals: Normal
     0 | D:1      | 0 ||| PLANNING D:1-11
   133 | D:1      | Reached XP level 2. HP: 16/16 MP: 4/4
   136 | D:1      | Reached skill level 6 in Ranged Weapons
   389 | D:1      | Reached XP level 3. HP: 20/20 MP: 5/5
   708 | D:1      | 708 ||| UPGRADING to +0 ring mail.
   718 | D:1      | 718 ||| DROPPING +0 leather armour.
   719 | D:1      | 719 ||| READING scroll labelled MENEPH ZYIDESAARPH.
   724 | D:1      | 724 ||| READING 2 scrolls labelled WEUNNIXZUAR.
   725 | D:1      | 725 ||| DROPPING scroll of butterflies.
   779 | D:2      | Reached skill level 7 in Ranged Weapons
   877 | D:2      | Found a snail-covered altar of Cheibriados.
  1080 | D:2      | 1080 ||| READING 2 scrolls of identify.
  1080 | D:2      | 1080 ||| IDENTIFYING scroll labelled UWYAGUCHEU
  1081 | D:2      | 1081 ||| READING scroll of identify.
  1081 | D:2      | 1081 ||| IDENTIFYING scroll labelled BUBBOCHANLI
  1082 | D:2      | 1082 ||| DROPPING scroll of silence.
  1083 | D:2      | 1083 ||| DROPPING scroll of revelation.
  1145 | D:3      | Reached XP level 4. HP: 21/25 MP: 6/6
  1326 | D:3      | HP: 4/25 [orc priest/divine providence (12)]
  1327 | D:3      | Slain by an iguana

Levels and vault maps discovered:
D:1:      lemuel_arrival_tunnels, layout_loops_ring, minmay_heptomino_o4
D:2:      layout_rooms, basic_altar
D:3:      layout_loops_ring, mainiacjoe_overflow_chevrons, dk_noncrumbling_4,
          minmay_box_of_dots

Skill      XL: |  1  2  3 |
---------------+----------+-----
Ranged Weapons | 6 7 |  7.5
Fighting       | |  1.5
Dodging        | |  2.4
Stealth        | |  1.2

Action                     |  1- 3 |  4- 6 || total
---------------------------+-------+-------++-------
   Fire: Shortbow          |   113 |    15 ||   128
    Use: Scroll            |     4 |       ||     4
 Armour: Leather armour    |    10 |       ||    10
         Ring mail         |     6 |     2 ||     8
  Dodge: Dodged            |    20 |     1 ||    21

Table legend:
 A = Non-vault XP
 B = Vault XP
 C = Vault XP percentage of total XP
 D = Non-vault monster count
 E = Vault monster count
 F = Vault count percentage of total count
                 A         B        C        D         E       F
            +---------+---------+-------+---------+---------+-------
      Total |      78 |      25 |  24.3 |      50 |       6 |  10.7
            +---------+---------+-------+---------+---------+-------
        D:1 |      47 |       8 |  14.5 |      31 |       3 |   8.8
        D:2 |      22 |       0 |   0.0 |      13 |       0 |   0.0
        D:3 |       9 |      17 |  65.4 |       6 |       3 |  33.3
            +---------+---------+-------+---------+---------+-------
